AoeStats
← bibita

Black Forest

508690042Analyzed
4v4 RM · 9d ago on Sep 23, 2026· 39m 30s· 8 players
Game mode
Random Map
Map size
Large (8 player)
Population
200
Speed
Normal
Resources
Standard
Victory
Conquest
Starting age
Dark Age
Ending age
Imperial Age
RankedLock teamsTeams togetherTeam positionsShared explorationLock speedFull tech treeHidden civsTurbo modeCheats
Victory
Defeat
🇺🇾 Lithuanians · Uruguay
987
+14
🇲🇽 Burgundians · Mexico
982
+14
🇨🇦 Malians · Canada
978
+15
🇫🇷 Byzantines · France
851
+20
🇪🇸 Danes · Spain
1067
-21
🇫🇷 Byzantines · France
916
-15
🇭🇷 Danes · Croatia
910
-14
🇪🇸 Franks · Spain
879
-13
Merguez celeste
0:28 Loom
12:28 Feudal Age
15:15 Double-Bit Axe
21:44 Castle Age
23:02 Gold Mining
23:06 Stone Mining
22:57 Horse Collar
24:59 Bow Saw
25:51 Wheelbarrow
30:43 Imperial Age
29:28 Hand Cart
29:27 Treadmill Crane
29:42 Murder Holes
31:03 Gold Shaft Mining
30:20 Pikeman
31:01 Squires
31:05 Scale Mail Armor
31:16 Forging
30:57 Fletching
31:59 Heavy Plow
32:30 Ballistics
32:20 Fortified Wall
31:43 Halberdier
34:15 Chemistry
33:29 Fortified Wall
34:20 Stone Shaft Mining
33:21 Elite Skirmisher
34:08 Bodkin Arrow
34:29 Chain Mail Armor
34:49 Iron Casting
35:55 Two-Man Saw
35:29 Conscription
37:30 Plate Mail Armor
37:00 Bracer
37:03 Padded Archer Armor
37:52 Crop Rotation
37:10 Elite Varangian Guard
37:36 Arson
39:04 Scale Barding Armor
bibita
3:26 Loom
14:31 Feudal Age
18:46 Castle Age
24:02 Scale Barding Armor
24:01 Padded Archer Armor
28:59 Husbandry
33:52 Chain Barding Armor
33:48 Leather Archer Armor
38:40 Double-Bit Axe
39:00 Gold Mining
Muninn77
11:10 Feudal Age
9:26 Loom
16:28 Castle Age
15:20 Gold Mining
15:19 Double-Bit Axe
16:24 Arson
17:15 Squires
17:01 Gambesons
22:26 Scale Mail Armor
22:37 Forging
24:59 Chain Mail Armor
29:45 Iron Casting
33:58 Wheelbarrow
33:39 Bow Saw
33:12 Horse Collar
34:09 Gold Shaft Mining
33:38 Pikeman
dropshot
0:30 Loom
13:27 Feudal Age
17:04 Horse Collar
17:15 Double-Bit Axe
18:36 Town Watch
21:28 Castle Age
19:56 Fletching
21:49 Stone Mining
23:08 Heavy Plow
24:10 Bow Saw
joseabrojo
0:28 Loom
8:58 Double-Bit Axe
13:17 Feudal Age
19:30 Castle Age
17:44 Bow Saw
17:18 Horse Collar
18:39 Gold Mining
19:00 Stone Mining
19:59 Scale Mail Armor
21:30 Forging
27:27 Wheelbarrow
30:53 Husbandry
33:04 Treadmill Crane
34:09 Stone Shaft Mining
34:55 Fletching
35:05 Arson
35:41 Scale Barding Armor
37:05 Hand Cart
37:33 Cavalier
40:06 Chain Barding Armor
40:31 Iron Casting
Bélisaire
0:28 Loom
16:44 Feudal Age
23:39 Castle Age
21:58 Double-Bit Axe
25:01 Husbandry
25:14 Forging
25:10 Scale Barding Armor
25:25 Gold Mining
25:19 Horse Collar
27:09 Iron Casting
28:58 Heavy Plow
30:34 Wheelbarrow
30:25 Caravan
30:52 Stone Mining
32:18 Fervor
33:23 Bow Saw
34:53 Fletching
35:24 Chain Barding Armor
37:50 Imperial Age
35:45 Squires
36:50 Arson
38:12 Scale Mail Armor
38:08 Bodkin Arrow
39:10 Chain Mail Armor
38:33 Elite Varangian Guard
El_colibri_pijudo
13:08 Feudal Age
19:17 Castle Age
20:24 Horse Collar
20:33 Double-Bit Axe
24:29 Bow Saw
24:21 Heavy Plow
25:12 Husbandry
25:22 Bloodlines
28:33 Wheelbarrow
28:13 Stone Mining
30:31 Scale Barding Armor
30:43 Forging
31:43 Gold Mining
36:26 Chain Barding Armor
36:42 Iron Casting
38:40 Imperial Age
36:28 Hand Cart
37:10 Caravan
37:41 Coinage
38:24 Stone Shaft Mining
40:16 Plate Barding Armor
dasorux
0:32 Loom
12:19 Feudal Age
12:45 Man-at-Arms
21:48 Castle Age
20:20 Double-Bit Axe
20:57 Horse Collar
21:55 Stone Mining
29:38 Wheelbarrow
29:28 Bow Saw
33:17 Imperial Age
32:03 Hand Cart
33:09 Fletching
33:32 Forging
33:23 Scale Mail Armor
33:44 Town Watch
34:52 Town Patrol
36:55 Farimba
37:06 Squires
36:52 Arson
38:39 Long Swordsman
40:24 Chemistry
39:45 Ballistics
39:36 Fortified Wall
39:38 Masonry
Connection lost

Rejoining the realm…

Still unreachable

The connection could not be restored.

Session expired

The server has moved on; the page needs a fresh start.